 Dungeon Crawl Stone Soup version 0.22-a0-135-g6f012ad (webtiles) character file.

393 Azzok the Skirmisher (level 6, -2/60 HPs)
             Began as a Centaur Fighter on Feb 1, 2018.
             Succumbed to Edmund's poison
             ... on level 4 of the Dungeon.
             The game lasted 00:06:38 (3682 turns).

Azzok the Skirmisher (Centaur Fighter)              Turns: 3682, Time: 00:06:39

Health: -2/60      AC:  7    Str: 19    XL:     6   Next: 51%
Magic:  6/6        EV:  3    Int:  9    God:
Gold:   233        SH:  8    Dex:  8    Spells: 5/5 levels left

rFire    . . .     SeeInvis .   o - +1 hand axe (freeze)
rCold    . . .     Gourm    .   c - +0 shield
rNeg     . . .     Faith    .   d - +0 chain mail
rPois    .         Spirit   .   (no helmet)
rElec    .         Reflect  .   (no cloak)
rCorr    .         Harm     .   (no gloves)
MR       .....                  (no barding)
Stlth    ..........             (no amulet)
HPRegen  0.20/turn              (no ring)
MPRegen  0.10/turn              (no ring)

@: lethally poisoned (-2 -> -44), very quick
A: large, hooves 3, deformed body, speed 2, tough skin 3
a: no special abilities


You were on level 4 of the Dungeon.
You were very hungry.

You visited 1 branch of the dungeon, and saw 4 of its levels.

You collected 233 gold pieces.

Inventory:

Hand Weapons
 a - a +0 long sword
 o - a +1 hand axe of freezing (weapon)
 u - a +0 shortbow
Missiles
 h - 35 arrows
Armour
 c - a +0 shield (worn)
 d - a +0 chain mail (worn)
Wands
 s - a wand of disintegration (14)
Scrolls
 b - 2 scrolls of immolation
 g - a scroll of blinking
 i - 4 scrolls of fog
 k - 2 scrolls of remove curse
 l - 2 scrolls of identify
 m - a scroll of magic mapping {unknown}
 p - a scroll of teleportation {unknown}
 q - a scroll of noise {unknown}
 v - a scroll of fear {unknown}
Potions
 e - 3 potions of invisibility {unknown}
 j - 2 potions of flight {unknown}
 n - 2 potions of lignification {unknown}
 r - a potion of berserk rage {unknown}
 t - a potion of brilliance {unknown}
 w - a potion of degeneration {unknown}
Comestibles
 f - 6 rations


   Skills:
 + Level 7.0 Fighting
 - Level 1.7 Long Blades
 + Level 3.0 Bows
 - Level 2.1 Armour
 - Level 2.1 Shields


You had 5 spell levels left.
You didn't know any spells.

Dungeon Overview and Level Annotations

Branches:
Dungeon (4/15)
 Temple: D:4-7

Altars:

Annotations:
D:4 Edmund


Innate Abilities, Weirdness & Mutations

You have hooves in place of feet.
Armour fits poorly on your strangely shaped body.
You cover ground very quickly.
You have extremely tough skin. (AC +3)


Message History

You feel very sick.
Edmund hits you with a dire flail of venom.
You are more poisoned.
Your chain mail prevents you from hitting Edmund.
Edmund is heavily wounded.
* * * LOW HITPOINT WARNING * * *
You feel very sick.
Edmund hits you with a dire flail of venom!
* * * LOW HITPOINT WARNING * * *
You hit Edmund but do no damage.
Edmund is heavily wounded.
* * * LOW HITPOINT WARNING * * *
You feel very sick.
Edmund hits you with a dire flail of venom.
* * * LOW HITPOINT WARNING * * *
You are more poisoned.
Your shield and chain mail prevent you from hitting Edmund.
You kick Edmund.
Edmund is heavily wounded.
You die...

·▒··············▒▒··▒
·····<·····▒····▒▒··▒▒
···········▒····▒▒···▒▒
▒▒▒········▒····▒▒····▒▒ ▒
▒········▒▒▒▒▒▒▒·····▒▒▒
·▒▒··············▒·)·······
·▒ ▒▒▒▒▒········▒·········
·· ········▒········· ··
······@@·········· ··
···········▒·····▒ ·
·······>···▒·····╬
······$·▒▒▒▒·····▒
········▒ ···· ········▒
▒▒▒ ········▒ ········▒


You could see Edmund.

Vanquished Creatures
  An orc warrior (D:2)
  An ogre (D:3)
  2 orc priests (D:3)
  A worker ant (D:2)
  A hound skeleton (D:4)
  2 adders
  An ooze (D:1)
  3 worms
  A dart slug (D:1)
  2 leopard geckos
  17 orcs (D:3)
  5 giant cockroaches
  5 goblins
  4 hobgoblins
  A quokka (D:2)
  10 bats
  6 frilled lizards
  12 kobolds
  5 rats
80 creatures vanquished.

Notes
Turn   | Place    | Note
-------+----------+-------------------------------------------
     0 | D:1      | Azzok the Centaur Fighter began the quest for the Orb.
     0 | D:1      | Reached XP level 1. HP: 19/19 MP: 1/1
    37 | D:1      | Reached XP level 2. HP: 20/26 MP: 2/2
   316 | D:1      | Reached skill level 4 in Fighting
   453 | D:1      | Reached XP level 3. HP: 31/33 MP: 3/3
   806 | D:2      | Reached XP level 4. HP: 37/41 MP: 4/4
   864 | D:2      | Reached skill level 5 in Fighting
  1222 | D:2      | Noticed an orc warrior
  1377 | D:2      | Killed an orc warrior
  1377 | D:2      | Reached skill level 6 in Fighting
  1377 | D:2      | Reached XP level 5. HP: 9/50 MP: 5/5
  2235 | D:3      | Reached skill level 1 in Bows
  2592 | D:3      | Reached XP level 6. HP: 48/58 MP: 6/6
  3661 | D:4      | Reached skill level 7 in Fighting
  3665 | D:4      | Noticed Edmund
  3681 | D:4      | HP: 2/60 [Edmund/dire flail of venom (3)]
  3682 | D:4      | Succumbed to Edmund's poison

Vault maps used:
D:1:      roderic_dead_forest
D:2:      kennysheep_generic_room_7
D:3:      cheibrodos_pilgrimage, chequers_big_river
D:4:      tgw_trog, first_ration, uniq_pikel, uniq_edmund

Skill      XL: |  1  2  3  4  5  6 |
---------------+-------------------+-----
Fighting       | 4 6 7 |  7.0
Bows           | 1 3 |  3.0
Long Blades    | |  1.7
Armour         | |  2.1
Shields        | |  2.1

Action                   |  1- 3 |  4- 6 || total
-------------------------+-------+-------++-------
Melee: Long sword        |    98 |    20 ||   118
       Kick              |    22 |    31 ||    53
       Hand axe          |       |   144 ||   144
  Use: Potion            |       |     1 ||     1
       Scroll            |       |     5 ||     5
  Eat: Chunk             |       |     6 ||     6
Armor: Scale mail        |    34 |    19 ||    53
       Chain mail        |       |    53 ||    53
Dodge: Dodged            |    27 |    17 ||    44
Block: Shield            |    47 |    68 ||   115
       Rpst.: Long sword |     9 |     1 ||    10

Table legend:
 A = Spawn XP
 B = Non-spawn XP
 C = Spawn XP percentage of total XP
 D = Spawn monster count
 E = Non-spawn monster count
 F = Spawn count percentage of total count
 G = Total turns spent on level
                    A         B        C        D         E        F      G
               +---------+---------+-------+---------+---------+-------+---------
         Total |       0 |     562 |   0.0 |       0 |      80 |   0.0 |  3682
               +---------+---------+-------+---------+---------+-------+---------
           D:1 |       0 |      50 |   0.0 |       0 |      27 |   0.0 |   638
           D:2 |       0 |     205 |   0.0 |       0 |      19 |   0.0 |  1368
           D:3 |       0 |     288 |   0.0 |       0 |      33 |   0.0 |  1579
           D:4 |       0 |      19 |   0.0 |       0 |       1 |   0.0 |    97
               +---------+---------+-------+---------+---------+-------+---------
